 Dungeon Crawl Stone Soup version 0.24-a0-170-gd8427f5 (webtiles) character file.

Game seed: 12502336994178240862

14 tilp the Conjurer (level 2, -11/20 HPs)
             Began as a Draconian Conjurer on Mar 9, 2019.
             Killed by a distortion unwield (31 damage)
             ... on level 2 of the Dungeon.
             The game lasted 00:02:29 (964 turns).

tilp the Conjurer (Draconian Conjurer)               Turns: 964, Time: 00:02:29

Health: -11/20     AC:  4    Str: 10    XL:     2   Next: 27%
Magic:  4/5        EV: 12    Int: 15    God:
Gold:   20         SH:  0    Dex: 11    Spells: 4/5 levels left

rFire    . . .     SeeInvis .   (no weapon)
rCold    . . .     Gourm    .   (no shield)
rNeg     . . .     Faith    .   (armour unavailable)
rPois    .         Spirit   .   (helmet restricted)
rElec    .         Reflect  .   (no cloak)
rCorr    .         Harm     .   (no gloves)
MR       .....                  (no boots)
Stlth    ++........             (no amulet)
HPRegen  0.06/turn              (no ring)
MPRegen  0.09/turn              (no ring)

@: no status effects
A: unfitting armour, cold-blooded, AC +4
a: no special abilities


You were on level 2 of the Dungeon.
You were not hungry.

You visited 1 branch of the dungeon, and saw 2 of its levels.

You collected 20 gold pieces.

Inventory:

Hand Weapons
 i - a +0 spear of distortion
Missiles
 g - 6 tomahawks (quivered)
Jewellery
 e - an uncursed amulet of rage {unknown}
Scrolls
 c - a scroll of enchant armour {unknown}
 f - a scroll of teleportation {unknown}
 h - a scroll of remove curse {unknown}
Potions
 d - a potion of heal wounds {unknown}
Comestibles
 a - a chunk of flesh
 b - 3 rations


   Skills:
 - Level 1.7 Dodging
 - Level 1.7 Stealth
 - Level 2.0 Spellcasting
 + Level 4.6 Conjurations


You had 4 spell levels left.
You knew the following spells:

 Your Spells              Type           Power        Failure   Level  Hunger
a - Magic Dart            Conj           ###.         3%          1    #......

Your spell library contained the following spells:

 Spells                   Type           Power        Failure   Level  Hunger
 Searing Ray              Conj           ###...       4%          2    ###....
 Dazzling Spray           Conj/Hex       #.....       26%         3    ###....
 Iskenderun's Mystic Bla  Conj           ###.....     32%         4    #####..
 Force Lance              Conj/Tloc      #.......     65%         4    #####..
 Fulminant Prism          Conj/Hex       #.........   65%         4    #####..


Dungeon Overview and Level Annotations

Branches:
Dungeon (2/15)

Altars:


Innate Abilities, Weirdness & Mutations

Your plain brown scales are hard. (AC +4)
You cannot fit into any form of body armour.
You are cold-blooded and may be slowed by cold attacks.


Message History

A frilled lizard comes into view.
Casting: Magic Dart (safe; 3% risk of failure)
Confirm with . or Enter, or press ? or * to list all spells.
Aiming: Magic Dart (safe; 3% risk of failure)
Press: ? - help, Shift-Dir - straight line, f - frilled lizard
Aim: a frilled lizard (resting)
The magic dart hits the frilled lizard.
You kill the frilled lizard!
You see here a glowing spear.
i - a glowing spear Wield which item (- for none, * to show all)? (? for menu, Esc to quit)
Space warps around you for a moment!
i - a +0 spear of distortion (weapon)
Drop what? 9/52 slots (_ for help) (? for menu, Esc to quit)
Really unwield
i - a +0 spear of distortion? [Y]es or [N]o only, please.
Really unwield
i - a +0 spear of distortion?
You are crushed and pinned by an extremely strong localised spatial distortion!
Ouch! That really hurt!
You die...

#.# #... #<#
#...≈
####.####..≈≈≈
#.........≈≈≈≈
#.##..#..≈≈≈≈≈
#........≈≈≈≈≈
####....?≈≈≈≈≈
#........≈≈≈≈
#....@...≈≈≈≈
#..........≈≈
#.......##...
#.....### ###
###.†.# #.###
#. #.


There were no monsters in sight!

Vanquished Creatures
  An ooze (D:1)
  A giant cockroach (D:1)
  A goblin (D:1)
  A kobold (D:1)
  4 bats (D:1)
  2 frilled lizards
10 creatures vanquished.

Notes
Turn   | Place    | Note
-------+----------+-------------------------------------------
     0 | D:1      | tilp the Draconian Conjurer began the quest for the Orb.
     0 | D:1      | Reached XP level 1. HP: 14/14 MP: 3/3
   379 | D:1      | Reached XP level 2. HP: 20/20 MP: 0/5
   964 | D:2      | Killed by a distortion unwield

Levels and vault maps discovered:
D:1:      minmay_arrival_solitary_statue, layout_loops_ring
D:2:      layout_loops_corners, first_ration, lemuel_altar_in_water

Action                   || total
-------------------------++-------
Throw: Stone             ||     9
 Cast: Magic Dart        ||    21
Armor: Skin              ||     3
Dodge: Dodged            ||     9

Table legend:
 A = Non-vault XP
 B = Vault XP
 C = Vault XP percentage of total XP
 D = Non-vault monster count
 E = Vault monster count
 F = Vault count percentage of total count
                 A         B        C        D         E       F
            +---------+---------+-------+---------+---------+-------
      Total |      20 |       0 |   0.0 |      10 |       0 |   0.0
            +---------+---------+-------+---------+---------+-------
        D:1 |      19 |       0 |   0.0 |       9 |       0 |   0.0
        D:2 |       1 |       0 |   0.0 |       1 |       0 |   0.0
            +---------+---------+-------+---------+---------+-------
